 Dungeon Crawl Stone Soup version 0.22-a0-417-g1387785 (webtiles) character file.

4491 Borgoz the Cleaver (level 10, 0/94 HPs)
             Began as a Deep Dwarf Berserker on May 14, 2018.
             Was a Believer of Trog.
             Slain by a chaos spawn (3 damage)
             ... summoned by a kobold demonologist
             ... on level 7 of the Dungeon.
             The game lasted 00:15:01 (5695 turns).

Borgoz the Cleaver (Deep Dwarf Berserker)           Turns: 5695, Time: 00:15:02

Health: 0/94       AC: 13    Str: 21    XL:     10   Next: 16%
Magic:  14/14      EV: 12    Int:  8    God:    Trog [**....]
Gold:   281        SH: 10    Dex: 15    Spells: 9/9 levels left

rFire    . . .     SeeInvis .   a - +1 hand axe
rCold    . . .     Gourm    .   h - +0 shield
rNeg     . . .     Faith    .   j - +0 scale mail
rPois    .         Spirit   .   C - +0 helmet
rElec    .         Reflect  .   t - +1 cloak
rCorr    .         Harm     .   (no gloves)
MR       +....                  (no boots)
Stlth    +.........             (no amulet)
HPRegen  0.00/turn              B - +2 ring of protection
MPRegen  0.14/turn              (no ring)

@: non-regenerating
A: damage resistance, heal wounds, sense surroundings 2, no regeneration
a: Heal Wounds, Berserk, Trog's Hand, Renounce Religion


You were on level 7 of the Dungeon.
You worshipped Trog.
Trog was pleased with you.
You were hungry.

You visited 2 branches of the dungeon, and saw 8 of its levels.
You also visited: Sewer.

You collected 281 gold pieces.

Inventory:

Hand Weapons
 a - a +1 hand axe (weapon)
 b - a +0 mace of protection
Missiles
 n - 3 poisoned tomahawks (quivered)
Armour
 g - a cursed +0 large shield
 h - a +0 shield (worn)
 j - a +0 scale mail (worn)
 t - a +1 cloak (worn)
 C - a +0 helmet (worn)
Jewellery
 p - an uncursed amulet of magic regeneration {unknown}
 B - a +2 ring of protection (left hand)
 J - an uncursed amulet of regeneration {unknown}
Wands
 v - a wand of digging (6)
 y - a wand of iceblast (13)
Scrolls
 f - 8 scrolls of remove curse
 l - a scroll of teleportation
 s - a scroll of enchant weapon
 u - 2 scrolls of fear
 z - a scroll of fog
 G - a scroll of blinking
Potions
 d - 3 potions of heal wounds
 e - 2 potions of brilliance {unknown}
 i - a potion of resistance {unknown}
 k - 3 potions of agility {unknown}
 m - 4 potions of lignification
 o - a potion of haste {unknown}
 q - 2 potions of flight {unknown}
 r - a potion of curing {unknown}
 x - a potion of mutation {unknown}
 A - 2 potions of magic {unknown}
 I - a potion of might {unknown}
Miscellaneous
 w - a lamp of fire
 D - a fan of gales
Comestibles
 c - 16 rations
 E - 3 chunks of flesh


   Skills:
 * Level 7.4 Fighting
 + Level 8.9 Axes
 + Level 6.3 Armour
 + Level 6.2 Dodging
 - Level 2.0 Stealth
 + Level 5.4 Shields
 + Level 5.3 Evocations


You had 9 spell levels left.
You didn't know any spells.
Your spell library was empty.

Dungeon Overview and Level Annotations

Branches:
Dungeon (7/15)             Temple (1/1) D:4

Altars:
Ashenzari
Cheibriados
Dithmenos
Elyvilon
Fedhas
Gozag
Hepliaklqana
Kikubaaqudgha
Makhleb
Nemelex Xobeh
Okawaru
Qazlal
Ru
Sif Muna
Trog
Uskayaw
Vehumet
Wu Jian
Xom
Yredelemnul
Zin
The Shining One


Innate Abilities, Weirdness & Mutations

You are resistant to damage.
You can heal yourself by infusing magical energy.
You passively map the area around you.
You do not regenerate.


Message History

The kobold demonologist closely misses you.
The chaos spawn gores you but does no damage.
You block the sun demon's attack.
The shadow imp grins evilly.
You barely miss the kobold demonologist.
The kobold demonologist is severely wounded.
You hit the sun demon. You hit the chaos spawn.
The kobold demonologist mumbles some strange words.
The sun demon closely misses you. The chaos spawn gores you.
The chaos spawn draws strength from your injuries!
Unknown command.
Your shield prevents you from hitting the kobold demonologist.
The kobold demonologist is severely wounded.
You barely miss the chaos spawn. You miss the sun demon.
The sun demon hits you!
* * * LOW HITPOINT WARNING * * *
You are engulfed in flames!!
* * * LOW HITPOINT WARNING * * *
The chaos spawn hits you.
You die...

,**,,###.####.#######.########,,.
,***,#.....#.##:).))##.# #.# *,*,
,* *,#.#.#.#....)......###.###,*,
,* *,#.###.#............)....#,*,
,* *,#.#)#.#.#...#...#.###.###,*,
,***,#..)..#.##.###.##.# #.# *,*,
,**,,###)####.###.###.####.###,,,
>*,,*#...#.###.#.K.#.###.....##,,
,,,*#..#.##.###3@455###.......##,
*,*#..##..#..#########...#.#...##
*,#...#)..##..##....#....#.#....#
,,#..##....#..#.##..#)).##.##...#
,,#.,#..#..#.....#....).#)8##...#
,,#.,#....##..#..##.#)..#...#...#
*,*,,##...#...#....##..##...##..#
*,**,,#..##..#########.##...8#(##
*,,**,##.#..##,,,,,,,###.#⌠..###,


You could see a sun demon, a kobold demonologist, a chaos spawn, an iron imp and
a shadow imp.

Vanquished Creatures
  An ugly thing (D:7)
  A gargoyle (D:7)
  A komodo dragon (D:7)
  The ghost of Mgcat the Covert, a novice SpEn of Dithmenos (D:5)
  3 orc warriors
  2 sky beasts
  2 black bears (D:7)
  2 ogres
  A phantom (D:6)
  5 centaurs
  3 bullfrogs
  A big kobold (Sewer)
  A gnoll sergeant (D:5)
  A water moccasin zombie (D:4)
  2 scorpions
  3 wights (D:6)
  5 crimson imps
  A centaur zombie (D:6)
  A bullfrog zombie (D:5)
  5 hounds
  2 jellies
  8 orc priests
  Crazy Yiuf (D:4)
  2 bullfrog skeletons (D:5)
  6 orc wizards
  2 centaur skeletons
  An iguana (D:6)
  8 worker ants
  A killer bee zombie (D:7)
  A hound zombie (D:7)
  A hound skeleton (D:7)
  A worker ant zombie (D:5)
  4 gnolls
  9 adders
  2 river rats (Sewer)
  An adder zombie (D:7)
  3 worms
  2 dart slugs
  4 leopard geckos
  18 orcs
  A ball python (D:3)
  7 giant cockroaches
  8 goblins
  5 hobgoblins
  3 jackals
  6 kobolds
  3 quokkas
  2 bats (D:1)
  4 frilled lizards
  A quokka skeleton (D:7)
  A quokka zombie (D:5)
  12 rats
172 creatures vanquished.

Notes
Turn   | Place    | Note
-------+----------+-------------------------------------------
     0 | D:1      | Borgoz the Deep Dwarf Berserker began the quest for the Orb.
     0 | D:1      | Reached XP level 1. HP: 20/20 MP: 1/1
   325 | D:1      | Reached XP level 2. HP: 25/27 MP: 2/2
   948 | D:2      | Reached XP level 3. HP: 14/34 MP: 3/3
   968 | D:2      | Reached skill level 4 in Axes
  1263 | D:2      | Reached ** piety under Trog
  1492 | D:3      | Reached skill level 1 in Stealth
  1492 | D:3      | Reached XP level 4. HP: 41/42 MP: 4/4
  1587 | D:3      | Reached XP level 5. HP: 49/49 MP: 5/5
  1681 | D:3      | Reached skill level 5 in Axes
  1696 | D:3      | Found a glowing drain.
  1717 | Sewer    | Entered a sewer
  1865 | Sewer    | Reached skill level 1 in Shields
  1865 | Sewer    | Reached XP level 6. HP: 36/57 MP: 6/6
  1882 | Sewer    | Found a white marble altar of Elyvilon.
  2100 | D:3      | Noticed a moth of wrath
  2105 | D:3      | Found a bloodstained altar of Trog.
  2309 | D:4      | Found an iron altar of Okawaru.
  2465 | D:4      | Found a runed door.
  2654 | D:4      | Reached XP level 7. HP: 62/64 MP: 7/7
  2754 | D:4      | Reached skill level 6 in Axes
  2787 | D:4      | Found a staircase to the Ecumenical Temple.
  2827 | Temple   | Entered the Ecumenical Temple
  3306 | D:4      | Noticed Crazy Yiuf
  3311 | D:4      | Killed Crazy Yiuf
  3353 | D:5      | Entered Level 5 of the Dungeon
  3427 | D:5      | Noticed Mgcat's ghost (novice SpEn)
  3447 | D:5      | Killed Mgcat's ghost
  3447 | D:5      | Reached skill level 7 in Axes
  3588 | D:5      | Reached XP level 8. HP: 73/73 MP: 8/8
  3866 | D:5      | Reached skill level 5 in Fighting
  3871 | D:5      | Reached skill level 1 in Evocations
  4197 | D:6      | Reached skill level 8 in Axes
  4200 | D:6      | Reached skill level 5 in Armour
  4207 | D:6      | Reached skill level 5 in Dodging
  4207 | D:6      | Gained mutation: You passively map the area around you. [Deep Dwarf growth]
  4207 | D:6      | Reached XP level 9. HP: 24/82 MP: 9/11
  5217 | D:7      | Reached *** piety under Trog
  5358 | D:7      | Reached skill level 5 in Shields
  5408 | D:7      | Noticed a komodo dragon
  5409 | D:7      | Noticed a gargoyle
  5411 | D:7      | Noticed a red ugly thing
  5510 | D:7      | Killed a komodo dragon
  5604 | D:7      | Reached skill level 5 in Evocations
  5624 | D:7      | Killed a red ugly thing
  5624 | D:7      | Reached XP level 10. HP: 57/94 MP: 13/13
  5644 | D:7      | Killed a gargoyle
  5692 | D:7      | Noticed a sun demon
  5695 | D:7      | HP: 3/94 [sun demon[a kobold demonologist] (15)]
  5695 | D:7      | Slain by a chaos spawn

Vault maps used:
D:1:      mrwooster_arrival_statue, serial_bayou_pond_d
D:3:      cheibrodos_sewer_entry_bend, tgw_trog
D:4:      minmay_temple_entry_enclosed_plants, okawaru_trees_1,
          uniq_crazy_yiuf_cottage
D:5:      first_ration, kennysheep_generic_room_11
D:7:      minmay_the_grid_octo_tiled_octocenter, grunt_ogre_cave, hex_tiny,
          mrwooster_statue_mirror
Temple:   roderic_octagonal_lattice_temple
Sewer:    sewer_kobolds

Skill      XL: |  1  2  3  4  5  6  7  8  9 |
---------------+----------------------------+-----
Fighting       | 3 4 5 7 |  7.4
Axes           | 4 5 7 8 |  8.9
Stealth        | 1 2 |  2.0
Dodging        | 3 4 5 6 |  6.2
Shields        | 1 2 3 5 |  5.4
Armour         | 3 4 5 6 |  6.3
Evocations     | 3 5 |  5.3

Action                   |  1- 3 |  4- 6 |  7- 9 | 10-12 || total
-------------------------+-------+-------+-------+-------++-------
Melee: Hand axe          |   119 |   201 |   572 |    45 ||   937
Invok: Trog's Hand       |     1 |     9 |    18 |       ||    28
       Berserk           |     1 |     5 |    10 |       ||    16
 Abil: Heal Wounds       |     1 |       |     3 |       ||     4
  Use: Scroll            |     3 |     1 |     9 |       ||    13
       Potion            |       |       |       |     1 ||     1
 Stab: Sleeping          |     3 |       |       |       ||     3
  Eat: Chunk             |     2 |    12 |    27 |       ||    41
Armor: Animal skin       |    25 |     1 |       |       ||    26
       Scale mail        |       |    55 |   206 |    13 ||   274
Dodge: Dodged            |   100 |    79 |   212 |    23 ||   414
Block: Shield            |       |    78 |   270 |    15 ||   363

Table legend:
 A = Spawn XP
 B = Non-spawn XP
 C = Spawn XP percentage of total XP
 D = Spawn monster count
 E = Non-spawn monster count
 F = Spawn count percentage of total count
 G = Total turns spent on level
                    A         B        C        D         E        F      G
               +---------+---------+-------+---------+---------+-------+---------
         Total |       0 |    6417 |   0.0 |       0 |     172 |   0.0 |  5695
               +---------+---------+-------+---------+---------+-------+---------
           D:1 |       0 |      40 |   0.0 |       0 |      23 |   0.0 |   938
           D:2 |       0 |      36 |   0.0 |       0 |      10 |   0.0 |   530
           D:3 |       0 |     227 |   0.0 |       0 |      27 |   0.0 |   563
           D:4 |       0 |     507 |   0.0 |       0 |      23 |   0.0 |   796
           D:5 |       0 |    1135 |   0.0 |       0 |      20 |   0.0 |   731
           D:6 |       0 |    1413 |   0.0 |       0 |      25 |   0.0 |   842
           D:7 |       0 |    2932 |   0.0 |       0 |      35 |   0.0 |   769
         Sewer |       0 |     127 |   0.0 |       0 |       9 |   0.0 |   212
               +---------+---------+-------+---------+---------+-------+---------
